 Dungeon Crawl Stone Soup version 0.19-a0-1457-g32fba05 (webtiles) character file.

34196 4thArraOfDagon the Grappler (level 13, 0/120 HPs)
             Began as a Troll Ice Elementalist on Sept 6, 2016.
             Was a High Priest of Sif Muna.
             Slain by a deep elf mage
             ... wielding a +0 dagger
              (2 damage)
             ... on level 3 of the Elven Halls.
             The game lasted 00:47:56 (7992 turns).

4thArraOfDagon the Grappler (TrIE)                  Turns: 7992, Time: 00:47:57

Health: 0/120      AC: 10    Str: 27    XL:     13   Next: 40%
Magic:  20/20      EV: 21    Int: 10    God:    Sif Muna [*****.]
Gold:   674        SH:  0    Dex: 20    Spells: 4 memorised, 6 levels left

rFire  + . .     SeeInvis .       - Unarmed
rCold  + + .     Gourm    +     X - +2 robe of Ulompet {rC+++ rCorr Int-3 Dex+3}
rNeg   . . .     Faith    .     (no shield)
rPois  +         Spirit   .     (helmet restricted)
rElec  .         Dismiss  .     Y - +0 cloak of Kugrorcha {+Fly rF+ rC- Dex+4}
rCorr  +         Reflect  .     (gloves unavailable)
MR     +....     Harm     .     (boots unavailable)
Stlth  +++.......               (no amulet)
                                d - +3 ring of strength
                                q - ring of poison resistance

@: mighty, agile
A: unfitting armour, claws 3, talons 1, yellow scales 2, clumsy 1, deformed
body, dopey 1, fast metabolism 3, gourmand, magic resistance 1, regeneration 1,
shaggy fur 1, tough skin 2, evolution 1
a: Divine Energy, Channel Magic, Forget Spell, Renounce Religion, Evoke Flight


You were on level 3 of the Elven Halls.
You worshipped Sif Muna.
Sif Muna was extremely pleased with you.
You were very full.

You visited 4 branches of the dungeon, and saw 21 of its levels.
You also visited: Volcano.

You collected 1417 gold pieces.
You spent 743 gold pieces at shops.

Inventory:

Hand Weapons
 Z - a +0 giant spiked club
Missiles
 y - 15 large rocks (quivered)
 V - 6 curare-tipped needles
Armour
 a - a +0 robe
 i - a +0 robe
 s - a +2 robe
 z - a +0 robe of magic resistance
 L - a +1 robe of magic resistance
 T - a troll hide
 X - the +2 robe of Ulompet (worn) {rC+++ rCorr Int-3 Dex+3}
   (You bought it in a shop on level 10 of the Dungeon)

   It affects your intelligence (-3).
   It affects your dexterity (+3).
   It renders you almost immune to cold.
   It protects you from acid and corrosion.
 Y - the +0 cloak of Kugrorcha (worn) {+Fly rF+ rC- Dex+4}
   (You bought it in a shop on level 10 of the Dungeon)

   It affects your dexterity (+4).
   It protects you from fire.
   It makes you vulnerable to cold.
   It lets you fly.
Jewellery
 d - a +3 ring of strength (right claw)
 f - an uncursed ring of resist corrosion
 q - a ring of poison resistance (left claw)
 r - an uncursed ring of stealth
 u - an uncursed ring of see invisible
 w - an uncursed ring of protection from fire
 A - an uncursed ring of teleportation
 C - a +4 ring of intelligence
Wands
 e - a wand of random effects (22/48)
 h - a wand of confusion (15/48)
 D - a wand of lightning (9/15)
 E - a wand of confusion (12/48)
 G - a wand of enslavement (13/24)
 I - a wand of lightning (3/15)
 J - a wand of disintegration (15/24)
 N - a wand of flame (13/48)
Scrolls
 g - 5 scrolls of fear {unknown}
 k - 3 scrolls of teleportation
 m - 5 scrolls of remove curse
 n - 3 scrolls of magic mapping
 t - 2 scrolls of blinking
 v - a scroll of enchant armour
 x - 2 scrolls of fog {unknown}
 B - 2 scrolls of noise
 H - a scroll of torment {unknown}
 O - a scroll of recharging
Potions
 l - 4 potions of brilliance
 p - 4 potions of curing
 K - 3 potions of resistance {unknown}
 R - a potion of berserk rage {unknown}
Books
 b - a book of Frost

   Spells                             Type                      Level
   a - Freeze                         Ice                          1
   b - Throw Frost                    Conjuration/Ice              2
   c - Ozocubu's Armour               Charms/Ice                   3
   d - Throw Icicle                   Conjuration/Ice              4
   e - Summon Ice Beast               Ice/Summoning                4
 F - Roxanne's Papyrus of Shape Shifting
   (You took it off Roxanne on level 2 of the Elven Halls)

   Spells                             Type                      Level
   a - Ignite Poison                  Fire/Transmutation/Poison    3
   b - Irradiate                      Conjuration/Transmutation    5
   c - Blade Hands                    Transmutation                5
   d - Statue Form                    Transmutation/Earth          6
 U - a book of the Dragon

   Spells                             Type                      Level
   a - Flame Tongue                   Conjuration/Fire             1
   b - Cause Fear                     Hexes                        4
   c - Bolt of Fire                   Conjuration/Fire             6
   d - Dragon Form                    Transmutation                7
   e - Dragon's Call                  Summoning                    9
Miscellaneous
 P - a phial of floods (inert)
Comestibles
 c - 7 bread rations
 j - 7 meat rations
 S - 4 royal jellies


   Skills:
 - Level 6.0 Fighting
 - Level 8.0 Dodging
 - Level 1.1 Stealth
 - Level 14.0 Unarmed Combat
 + Level 5.9 Spellcasting
   Level 0.6 Conjurations
 * Level 7.2 Transmutations
   Level 2.1 Ice Magic
 * Level 1.9 Earth Magic
 - Level 3.6 Invocations


You had 6 spell levels left.
You knew the following spells:

 Your Spells              Type           Power        Failure   Level  Hunger
a - Statue Form           Tmut/Erth      ##.......    100%        6    #######
b - Blink                 Tloc           N/A          38%         2    ##.....
c - Repel Missiles        Chrm/Air       #.....       38%         2    ##.....
d - Dragon Form           Tmut           ###.......   100%        7    #######


Dungeon Overview and Level Annotations

Branches:
Dungeon (15/15)            Temple (1/1) D:7            Lair (0/6) D:9
    Orc (2/2) D:11            Elf (3/3) Orc:2        Vaults (0/5) D:13
 Depths: D:15

Altars:
Hepliaklqana
Nemelex Xobeh
Okawaru
Sif Muna
Trog
Uskayaw
Vehumet
Zin
The Shining One
Beogh

Shops:
D:4 *   D:6 (   D:10 }!([?   D:12 !   D:13 (=[?   D:14 *   Orc:2 *!:!

Portals:
Trove: D:11 (give +6 ice dragon armour)

Annotations:
D:8 Erica
D:13 Kirke, Snorg
D:14 exclusion: upstairs


Innate Abilities, Weirdness & Mutations

You are too large for most types of armour.
You have claws for hands.
Your metabolism is lightning-fast.
You like to eat raw meat.
Your natural rate of healing is unusually fast.
You are covered in fur. (AC +1)
You have very tough skin. (AC +2)
You have sharp toenails.
You are mostly covered in yellow scales. (AC +3)
You are clumsy. (Dex -2)
Armour fits poorly on your strangely shaped body.
You are dopey. (Int -2)
You are resistant to hostile enchantments. (MR+)
You evolve.


Message History

Your claw misses the deep elf mage.
The deep elf mage is moderately wounded.
Unknown command.
Unknown command.
Unknown command.
You completely miss the deep elf mage. You claw the deep elf mage!
Your claw misses the deep elf mage.
The deep elf mage is heavily wounded.
The deep elf mage points at you and mumbles some strange words.
The orb of energy hits you!
* * * LOW HITPOINT WARNING * * *
The orb of energy explodes!
Unknown command.
Unknown command.
Unknown command.
Unknown command.
You scratch the deep elf mage. Your kick misses the deep elf mage.
The deep elf mage is severely wounded.
The deep elf mage hits you with a dagger.
You die...

**,***+***,,,,,,,,,,*
**+** ***,** *,*
*,,,,,,,,,,* *,,,* **,**
*,* *,,,,,,,,,** ***,,,***
,+** *,* ***********
*,,,,,,,* ,,* *,*
*****,*##### *,,,,,,,* ,**
*,###,,**#+#...###,,,,,,,*
** *+#...,*
#.......#**,,,*** *
***......###.......# *,,,*
***,,.....*'e@)......#
**+**
*,,,,....[.###.......# *,*
** **+,,.....,*
#.......####+###
,***,***....,,*
###...#'##.....## ,,,+**
*#..,,,* ######'.......#
,,,,,* #+**,,* ##....)....
,,,,,* *,*********
#.......... ,,,,,* *,*
***,,****#.......<..
,,,,,* *,*
*,,,,+,,,+..........


You could see a deep elf mage and a battlesphere.

Vanquished Creatures
  Roxanne (Elf:2)
  A stone giant (Orc:2)
  A fire dragon (D:11)
  The ghost of chonchonts the Severer, a journeyman MiFi of Okawaru (D:14)
  A centaur warrior (D:14)
  A dancing weapon (Elf:2)
  5 orc high priests (Orc:2)
  4 deep elf knights
  An unseen horror (D:14)
  2 wizards (D:13)
  3 hill giants
  6 orc knights (Orc:2)
  8 deep elf magi
  An orc sorcerer (Orc:1)
  2 ugly things
  A cyclops (D:11)
  A manticore (D:12)
  A centaur zombie (D:11)
  An elephant (D:9)
  2 centaur skeletons
  A gargoyle (D:13)
  A two-headed ogre (D:11)
  A meliai (D:13)
  5 trolls
  4 slime creatures (D:12)
  4 fire elementals
  3 hogs (D:12)
  A wraith (D:13)
  A shadow (D:14)
  A hungry ghost (D:14)
  2 basilisks (D:11)
  A human (D:14)
  Eustachio (D:4)
  Menkaure (D:5)
  A warg (Orc:2)
  Edmund (D:4)
  A water moccasin (D:7)
  Duvessa (D:5)
  2 black bears
  2 sky beasts
  3 ice beasts
  29 orc warriors
  A necrophage (D:11)
  7 ogres
  A phantom (D:8)
  6 centaurs
  2 crocodiles (D:9)
  The ghost of heinrich the Slasher, an amateur HESk of Uskayaw (D:3)
  Blork the orc (D:5)
  4 giant frogs
  A gnoll sergeant (D:8)
  An earth elemental (Elf:2)
  Dowan (D:5)
  A wyvern zombie (D:6)
  5 scorpions
  2 wyvern skeletons
  8 wights
  9 crimson imps
  A wasp zombie (D:11)
  A giant frog zombie (D:7)
  4 hounds
  3 jellies
  21 orc priests
  2 giant frog skeletons
  An iguana (D:9)
  Ijyb (D:3)
  10 orc wizards
  6 worker ants
  2 hound skeletons
  2 worker ant zombies
  Robin (D:4)
  5 gnolls
  A howler monkey skeleton (D:6)
  4 adders
  A shadow imp (D:6)
  An adder zombie (D:5)
  A worm (D:3)
  A dart slug (D:1)
  2 giant geckos
  54 orcs
  A giant cockroach (D:6)
  16 goblins
  7 hobgoblins
  15 jackals
  3 kobolds
  3 quokkas
  5 bats
  A giant newt (D:1)
  A quokka zombie (D:6)
  A rat (D:2)
340 creatures vanquished.

Vanquished Creatures (others)
  An adder (D:8)
1 creature vanquished.

Grand Total: 341 creatures vanquished

Notes
Turn   | Place    | Note
-------+----------+-------------------------------------------
     0 | D:1      | 4thArraOfDagon the Troll Ice Elementalist began the quest for the Orb.
     0 | D:1      | Reached XP level 1. HP: 16/16 MP: 1/1
    89 | D:1      | Reached skill level 1 in Unarmed Combat
   153 | D:1      | Reached XP level 2. HP: 24/24 MP: 2/2
   191 | D:1      | Reached skill level 2 in Unarmed Combat
   350 | D:2      | Reached XP level 3. HP: 28/31 MP: 3/3
   383 | D:2      | Found a radiant altar of Vehumet.
   449 | D:3      | Reached skill level 3 in Unarmed Combat
   478 | D:3      | Noticed heinrich's ghost (amateur HESk)
   523 | D:3      | Killed heinrich's ghost
   523 | D:3      | Reached skill level 4 in Unarmed Combat
   523 | D:3      | Reached XP level 4. HP: 14/39 MP: 4/4
   545 | D:3      | Reached XP level 5. HP: 21/45 MP: 5/5
   550 | D:3      | Noticed Ijyb
   556 | D:3      | Killed Ijyb
   556 | D:3      | Reached skill level 5 in Unarmed Combat
   576 | D:4      | Noticed Eustachio
   576 | D:4      | Noticed Edmund
   584 | D:4      | Found Naxkox's Assorted Antiques.
   587 | D:4      | Bought a scroll labeled KIOR HUGRUUMUE for 35 gold pieces
   587 | D:4      | Bought a bubbling sapphire potion for 31 gold pieces
   597 | D:4      | Killed Edmund
   597 | D:4      | Reached skill level 6 in Unarmed Combat
   597 | D:4      | Reached XP level 6. HP: 53/53 MP: 6/6
   618 | D:4      | Killed Eustachio
   743 | D:5      | Entered Level 5 of the Dungeon
   778 | D:5      | Noticed Dowan
   779 | D:5      | Noticed Duvessa
   820 | D:7      | Found a staircase to the Ecumenical Temple.
   823 | Temple   | Entered the Ecumenical Temple
   843 | Temple   | Became a worshipper of Sif Muna the Loreminder
   867 | D:7      | Reached skill level 7 in Unarmed Combat
   894 | D:6      | Found Xeloilio's Weapon Emporium.
   905 | D:6      | jacquesderrida: degnern
   910 | D:6      | Reached XP level 7. HP: 42/59 MP: 7/7
   929 | D:6      | jacquesderrida: wepans...
   929 | D:6      | 4thArraOfDagon: on the road
   929 | D:6      | 4thArraOfDagon: to
   929 | D:6      | 4thArraOfDagon: oklahome
   934 | D:6      | jacquesderrida: v a l h a l l a
   934 | D:6      | 4thArraOfDagon: and greattroll
   948 | D:6      | jacquesderrida: weevern
   981 | D:6      | Reached skill level 8 in Unarmed Combat
  1054 | D:5      | Noticed Blork the orc
  1063 | D:5      | Killed Blork the orc
  1119 | D:5      | Reached skill level 9 in Unarmed Combat
  1219 | D:5      | Noticed Menkaure
  1230 | D:5      | Killed Menkaure
  1230 | D:5      | Reached XP level 8. HP: 16/67 MP: 8/8
  1236 | D:5      | 4thArraOfDagon: almost ded!
  1445 | D:7      | Reached skill level 10 in Unarmed Combat
  1541 | D:7      | Reached skill level 11 in Unarmed Combat
  1601 | D:5      | Killed Duvessa
  1658 | D:5      | Killed Dowan
  1707 | D:4      | Bought a scroll labeled HIRHIX VAOR for 35 gold pieces
  1707 | D:4      | Bought a scroll labeled USIELU JAKHLU for 35 gold pieces
  1707 | D:4      | Bought an embroidered robe for 24 gold pieces
  1753 | D:4      | Noticed Robin
  1753 | D:4      | jacquesderrida: deeeeeeeeng
  1768 | D:4      | Killed Robin
  1833 | D:6      | 4thArraOfDagon: ^
  1859 | D:6      | Reached XP level 9. HP: 56/74 MP: 9/9
  1868 | D:6      | Gained mutation: Your body sometimes deteriorates upon taking damage. [mutagenic meat]
  1871 | D:6      | Gained mutation: You are clumsy. (Dex -2) [mutagenic meat]
  1874 | D:6      | Gained mutation: You evolve. [mutagenic meat]
  1877 | D:6      | Gained mutation: You are dopey. (Int -2) [mutagenic meat]
  2014 | D:8      | Noticed Erica
  2097 | D:8      | Reached skill level 12 in Unarmed Combat
  2177 | D:9      | Found a staircase to the Lair.
  2215 | D:8      | Gained mutation: You have sharp toenails. [mutagenic meat]
  2328 | D:9      | Found a hazy altar of Hepliaklqana.
  2505 | D:9      | Reached skill level 13 in Unarmed Combat
  2677 | D:9      | Reached * piety under Sif Muna
  2678 | D:9      | Noticed an elephant
  2695 | D:9      | Killed an elephant
  2752 | D:9      | Reached XP level 10. HP: 25/81 MP: 10/10
  3061 | D:10     | Entered Level 10 of the Dungeon
  3093 | D:10     | Reached skill level 14 in Unarmed Combat
  3097 | D:10     | Found Igudedig's Gadget Boutique.
  3102 | D:10     | Found Koluosuq's Distillery.
  3122 | D:10     | Bought a potion of mutation for 40 gold pieces
  3122 | D:10     | Bought a potion of lignification for 48 gold pieces
  3122 | D:10     | Gained mutation: You are partially covered in yellow scales. (AC +2) [potion of mutation]
  3122 | D:10     | Gained mutation: Armour fits poorly on your strangely shaped body. [potion of mutation]
  3125 | D:10     | oke...
  3180 | D:10     | Learned a level 2 spell: Blink
  3183 | D:10     | Learned a level 2 spell: Repel Missiles
  3292 | D:10     | Found Ocvyamnu's Antique Weapon Shoppe.
  3372 | D:10     | Found Geurut's Antique Armour Boutique.
  3457 | D:11     | Noticed a cyclops
  3475 | D:11     | Killed a cyclops
  3475 | D:11     | Reached skill level 1 in Fighting
  3475 | D:11     | Reached skill level 1 in Invocations
  3545 | D:11     | Noticed a purple ugly thing
  3559 | D:11     | Killed a purple ugly thing
  3786 | D:11     | Found a portal to a secret trove of treasure.
  3791 | D:11     | Noticed a rust devil
  3847 | D:11     | Found a staircase to the Orcish Mines.
  3884 | D:11     | Noticed a fire dragon
  3900 | D:11     | Killed a fire dragon
  3930 | D:12     | Noticed a hill giant
  3937 | D:12     | Killed a hill giant
  3937 | D:12     | Reached XP level 11. HP: 60/97 MP: 14/14
  4078 | D:12     | Reached ** piety under Sif Muna
  4196 | D:12     | Found Aciuveh's Distillery.
  4289 | D:12     | Found a hide-covered altar of Uskayaw.
  4301 | D:13     | Noticed Kirke
  4399 | D:13     | Found Siyros's Magic Scroll Boutique.
  4411 | D:13     | Bought a scroll of magic mapping for 45 gold pieces
  4436 | D:13     | Noticed a wizard
  4443 | D:13     | Paralysed by a wizard for 4 turns
  4455 | D:13     | Paralysed by a wizard for 3 turns
  4459 | D:13     | Killed a wizard
  4511 | D:13     | Found a gate to the Vaults.
  4511 | D:13     | Noticed a wizard
  4511 | D:13     | Noticed a hill giant
  4529 | D:13     | Killed a wizard
  4529 | D:13     | Reached skill level 5 in Dodging
  4533 | D:13     | Killed a hill giant
  4584 | D:13     | Found a hide-covered altar of Uskayaw.
  4655 | D:13     | Found Eseof's Weapon Shop.
  4739 | D:13     | Noticed a hill giant
  4759 | D:13     | Killed a hill giant
  4795 | D:13     | Found Oskaggatz's Armour Shoppe.
  4869 | D:13     | Found Yskocobb's Jewellery Boutique.
  4923 | D:14     | Noticed an unseen horror
  4929 | D:14     | Killed an unseen horror
  4929 | D:14     | Reached skill level 5 in Fighting
  4986 | D:13     | Noticed Snorg
  5031 | D:14     | Noticed a deep elf mage
  5048 | D:14     | Killed a deep elf mage
  5075 | D:14     | Learned a level 7 spell: Dragon Form
  5115 | D:14     | Noticed a centaur warrior
  5128 | D:14     | Killed a centaur warrior
  5128 | D:14     | Reached skill level 1 in Transmutations
  5137 | D:14     | Noticed chonchonts's ghost (journeyman MiFi)
  5150 | D:14     | Gained mutation: You are resistant to hostile enchantments. (MR+) [evolution]
  5166 | D:14     | Killed chonchonts's ghost
  5370 | D:14     | Reached XP level 12. HP: 113/113 MP: 17/17
  5385 | D:14     | Found Yseicam's General Store.
  5420 | D:15     | Entered Level 15 of the Dungeon
  5423 | D:15     | Noticed a vampire mage
  5588 | D:10     | Bought a thick robe for 131 gold pieces
  5588 | D:10     | Bought a translucent cloak for 218 gold pieces
  5598 | D:10     | Identified the +2 robe of Ulompet {rC+++ rCorr Int-3 Dex+3} (You bought it in a shop on level 10 of the Dungeon)
  5603 | D:10     | Identified the +0 cloak of Kugrorcha {+Fly rF+ rC- Dex+4} (You bought it in a shop on level 10 of the Dungeon)
  5614 | D:10     | Found Elekhiti's Magic Scroll Shoppe.
  5622 | D:10     | Bought a scroll of magic mapping for 59 gold pieces
  5666 | Orc:1    | Entered Level 1 of the Orcish Mines
  5726 | Orc:1    | Found a roughly hewn altar of Beogh.
  5911 | Orc:1    | You fall through a shaft!
  5911 | Orc:2    | Entered Level 2 of the Orcish Mines
  5912 | Orc:2    | WHAT
  5931 | Orc:2    | Found a dark tunnel.
  5940 | Volcano  | Entered a volcano
  5976 | Volcano  | Lost mutation: Your body sometimes deteriorates upon taking damage. [mutagenic meat]
  6027 | Orc:2    | Found a staircase to the Elven Halls.
  6042 | Orc:2    | Noticed a stone giant
  6051 | Orc:2    | Killed a stone giant
  6051 | Orc:2    | Reached *** piety under Sif Muna
  6055 | Orc:2    | MyOtheHedgeFox: 4thArra!
  6066 | Orc:2    | MyOtheHedgeFox: Hello from back in 2012! =)
  6099 | Orc:2    | MyOtheHedgeFox: Glad to see you playing.
  6122 | Orc:2    | Noticed an orc warlord
  6122 | Orc:2    | 4thArraOfDagon: wb!
  6163 | Orc:2    | 4thArraOfDagon: glad to see you br
  6168 | Orc:2    | 4thArraOfDagon: i remember you!
  6206 | Orc:2    | MyOtheHedgeFox: That's nice of you. =)
  6213 | Orc:2    | 4thArraOfDagon: however
  6213 | Orc:2    | 4thArraOfDagon: i may drop this game
  6250 | Orc:2    | MyOtheHedgeFox: That's alright, I just decided to say hi. =)
  6254 | Orc:2    | 4thArraOfDagon: in very close future
  6598 | Orc:2    | Noticed an orc high priest
  6608 | Orc:2    | Killed an orc high priest
  6686 | Orc:2    | Reached skill level 5 in Spellcasting
  6769 | Orc:2    | Reached skill level 5 in Transmutations
  6850 | Orc:2    | Noticed an orc high priest
  6866 | Orc:2    | Killed an orc high priest
  6866 | Orc:2    | Reached **** piety under Sif Muna
  7150 | Orc:2    | Noticed an orc high priest
  7190 | Orc:2    | Killed an orc high priest
  7298 | Orc:2    | Noticed an orc high priest
  7298 | Orc:2    | Noticed an orc high priest
  7300 | Orc:2    | Gained mutation: You are mostly covered in yellow scales. (AC +3) [evolution]
  7349 | Orc:2    | Killed an orc high priest
  7349 | Orc:2    | Reached XP level 13. HP: 113/120 MP: 20/20
  7384 | Orc:2    | Found Amiaxef's Book Boutique.
  7387 | Orc:2    | Found Kymempie's General Store.
  7393 | Orc:2    | Found Ygreh's Distillery.
  7394 | Orc:2    | Found Seadawyu's Distillery.
  7400 | Orc:2    | :)
  7404 | Orc:2    | Bought a potion of lignification for 42 gold pieces
  7480 | Elf:1    | Entered Level 1 of the Elven Halls
  7798 | Elf:2    | Noticed Roxanne
  7821 | Elf:2    | Killed Roxanne
  7821 | Elf:2    | Reached ***** piety under Sif Muna
  7822 | Elf:2    | Identified Roxanne's Papyrus of Shape Shifting (You took it off Roxanne on level 2 of the Elven Halls)
  7860 | Elf:2    | Learned a level 6 spell: Statue Form
  7936 | Elf:3    | Entered Level 3 of the Elven Halls
  7977 | Elf:3    | Received a gift from Sif Muna
  7977 | Elf:3    | Reached skill level 1 in Earth Magic
  7991 | Elf:3    | HP: 1/120 [deep elf mage/orb of energy (9)]
  7992 | Elf:3    | Slain by a deep elf mage

Vault maps used:
D:1:      dpeg_arrival_water_temple_mockup, lexackson_kobold_supper
D:2:      vehumet_crystals, minmay_misc_feat_x, kennysheep_generic_room_9
D:3:      minitemple, uniq_natasha, uniq_iyjb, uniq_crazy_yiuf_cottage,
          uniq_sigmund
D:4:      serial_shops, shop, kennysheep_mini, kennysheep_little_box,
          first_bread, fountainhead, uniq_eustachio, uniq_edmund, uniq_robin
D:5:      uniq_blork_the_orc, uniq_duvessa, uniq_menkaure
D:6:      kennysheep_windowed_goal, uniq_grinder
D:7:      marbit_many_paths, lemuel_round_altar, guppyfry_early_elven_hall
D:8:      xom_butterflies, uniq_psyche, uniq_erica
D:9:      lemuel_crystal_altar, lemuel_coloured_pillars_altar,
          david_lair_generic
D:10:     serial_shops, shop, nicolae_shop_stone, shop, shop, shop_statue,
          uniq_fannar, uniq_grum
D:11:     orc_0_dummy, enter_trove_6
D:12:     basic_altar, serial_shops, shop_fountains
D:13:     david_vaults_1, basic_altar, serial_shops, shop, shop,
          kennysheep_mini_moat, nicolae_shop_trees, uniq_josephine, uniq_snorg,
          uniq_kirke
D:14:     serial_shops, shop, hangedman_stone_soup
D:15:     gammafunk_depths_entry_grave, minmay_misc_feat_plants, serial_shops,
          shop
Temple:   nicolae_temple_hex_pool
Orc:1:    basic_altar
Orc:2:    st_orc_pillars, nicolae_volcano_entry_two_sided
Elf:1:    minmay_elf_necromancy
Elf:2:    uniq_roxanne
Elf:3:    minmay_elf_hall_statues, serial_shops, bzr_firewalk
Volcano:  volcano_caves

Skill      XL: |  1  2  3  4  5  6  7  8  9 10 11 12 13 |
---------------+----------------------------------------+-----
Unarmed Combat | 1 2 4 6 7 9 11 13 14 | 14.0
Fighting       | 3 5 6 |  6.0
Dodging        | 4 6 7 8 |  8.0
Invocations    | 3 |  3.6
Spellcasting   | 3 4 5 |  5.9
Transmutations | 2 6 7 |  7.2
Earth Magic    | 1 |  1.9
Stealth        | |  1.1
Conjurations   | |  0.6
Ice Magic      | |  2.1

Action                   |  1- 3 |  4- 6 |  7- 9 | 10-12 | 13-15 || total
-------------------------+-------+-------+-------+-------+-------++-------
Melee: Unarmed           |    91 |    55 |   328 |   585 |    98 ||  1157
       Punch             |     1 |     2 |    18 |    35 |     7 ||    63
       Kick              |       |       |    18 |   155 |    28 ||   201
Throw: Large rock        |       |       |       |    15 |       ||    15
       Throwing net      |       |       |       |     1 |       ||     1
 Abil: Evoke Flight      |       |       |       |     1 |       ||     1
Evoke: Wand              |       |       |     3 |    10 |     1 ||    14
       Phial of floods   |       |       |       |     1 |     1 ||     2
  Use: Potion            |     4 |     1 |       |    10 |     6 ||    21
       Scroll            |       |     5 |     8 |     8 |     5 ||    26
 Stab: Sleeping          |       |       |     1 |       |       ||     1
       Confused          |       |       |       |     1 |       ||     1
  Eat: Chunk             |     9 |     2 |    22 |    49 |     7 ||    89
       Beef jerky        |       |       |     1 |       |     1 ||     2
Armor: Robe              |    37 |     9 |    79 |    84 |     1 ||   210
       Skin              |       |    13 |       |    23 |    12 ||    48
Dodge: Dodged            |    57 |     8 |   115 |   219 |    16 ||   415
